 Dungeon Crawl Stone Soup version 0.17-a0-802-g1f09329 (console) character file.

2046 dunyain the Cleaver (level 9, 40/61 HPs)
             Began as a Demonspawn Gladiator on Apr 26, 2015.
             Quit the game on level 5 of the Dungeon.
             The game lasted 00:11:04 (6460 turns).

dunyain the Cleaver (Demonspawn Gladiator)          Turns: 6460, Time: 00:11:05

Health: 40/61      AC: 14    Str: 15    XL:     9   Next: 4%
Magic:  9/9        EV: 11    Int: 10    God:
Gold:   309        SH:  2    Dex: 17    Spells: 0 memorised, 8 levels left

rFire  . . .     SeeInvis .     a - +1 war axe
rCold  . . .     Clarity  .     B - +0 chain mail
rNeg   . . .     SustAb   .     (no shield)
rPois  .         Gourm    .     v - +2 hat {MR+}
rElec  .         Spirit   .     (no cloak)
rCorr  +         Warding  .     (no gloves)
rMut   .         Stasis   .     (no boots)
MR     +....                    f - amulet of resist corrosion
Stlth  +.........               r - +4 ring of evasion
                                u - +2 ring of protection

@: somewhat resistant to hostile enchantments, very unstealthy
A: antennae 1, large bone plates 1, nightstalker 2, powered by pain 1
a: no special abilities


You were on level 5 of the Dungeon.
You were not hungry.

You visited 2 branches of the dungeon, and saw 7 of its levels.

You collected 309 gold pieces.

Inventory:

Hand weapons
 a - a +1 war axe (weapon)
Missiles
 d - 5 throwing nets (quivered)
Armour
 b - a +0 leather armour
 c - a +0 helmet
 v - a +2 hat of magic resistance (worn)
 B - a +0 chain mail (worn)
 M - a +0 plate armour
Jewellery
 f - an amulet of resist corrosion (around neck)
 j - an uncursed ring of poison resistance
 m - an uncursed ring of protection from magic
 r - a +4 ring of evasion (right hand)
 u - a +2 ring of protection (left hand)
 y - an uncursed ring of loudness
Scrolls
 i - a scroll of identify
 q - 2 scrolls of blinking
Potions
 h - a potion of restore abilities
 t - a potion of might
 x - a potion of brilliance
 z - a potion of flight
 C - a potion of heal wounds
 L - a potion of agility
Comestibles
 e - 5 bread rations
 g - 7 meat rations
 o - a beef jerky
 H - a royal jelly
 J - 3 chunks of flesh


   Skills:
 - Level 2.0 Fighting
 + Level 11.1 Axes
 - Level 1.7 Throwing
 - Level 2.6 Dodging


You had 8 spell levels left.
You didn't know any spells.

Dungeon Overview and Level Annotations

Branches:
Dungeon (6/15)             Temple (1/1) D:4

Altars:
Ashenzari
Cheibriados
Dithmenos
Elyvilon
Fedhas
Gozag
Kikubaaqudgha
Makhleb
Nemelex Xobeh
Qazlal
Ru
Sif Muna
Vehumet
Xom
Yredelemnul
Zin
The Shining One

Shops:
D:6 }??


Innate Abilities, Weirdness & Mutations

You have a pair of small antennae on your head.
You are partially covered in large bone plates (AC +2, SH +2).
You are significantly more attuned to the shadows.
You sometimes gain a little power by taking damage.


Message History

Your chain mail prevents you from hitting the orc warrior.
The orc warrior is heavily wounded.
The orc warrior hits you but does no damage.
Unknown command.
You slash the orc warrior!
The orc warrior is severely wounded.
The orc warrior hits you but does no damage.
Unknown command.
You closely miss the orc warrior.
The orc warrior is severely wounded.
Unknown command.
Unknown command.
You slash the orc warrior!
You kill the orc warrior!
You have reached level 9!
Your experience leads to an increase in your attributes!
Increase (S)trength, (I)ntelligence, or (D)exterity?
You feel agile.
Your demonic ancestry asserts itself...
A pair of antennae grows on your head!
Are you sure you want to abandon this character and quit the game? (Confirm with "yes".)

.<................#.##.#.###.####
########.####................##..
#...............#........#
#########.#.#########.##..
#.#.### #.###. #.....#######.###.
#...#...........#.
#...#########>#.#.
#@.)#########...#.
#))...............
#..########.#.#.## #..# #.<.....
#..## ##..##### #.(.# ####)#.# #
#.#(# #...##.# # #.#.# #.##.#.# #
# #.#(###.###..#####


There were no monsters in sight!

Vanquished Creatures
  A sky beast (D:4)
  A black bear (D:6)
  3 orc warriors
  2 phantoms
  2 ice beasts (D:5)
  An ogre (D:6)
  A centaur (D:5)
  A giant frog (D:6)
  2 scorpions (D:6)
  A water moccasin skeleton (D:5)
  A crimson imp (D:6)
  A giant frog zombie (D:6)
  A centaur skeleton (D:6)
  2 hounds (D:4)
  4 worker ants
  2 giant frog skeletons (D:5)
  5 orc wizards (D:5)
  2 orc priests
  An iguana (D:4)
  3 gnolls (D:3)
  12 adders
  2 oozes (D:6)
  A worm (D:3)
  2 giant geckos (D:2)
  16 orcs
  3 ball pythons
  2 bat skeletons
  A bat zombie (D:6)
  5 giant cockroaches
  17 goblins
  12 hobgoblins
  4 jackals (D:3)
  3 quokkas
  14 bats
  A giant gecko skeleton (D:5)
  6 giant newts
  13 kobolds
  4 rats
155 creatures vanquished.

Notes
Turn   | Place    | Note
--------------------------------------------------------------
     0 | D:1      | dunyain, the Demonspawn Gladiator, began the quest for the Orb.
     0 | D:1      | Reached XP level 1. HP: 16/16 MP: 1/1
    58 | D:1      | Reached skill level 3 in Axes
   154 | D:1      | Gained mutation: You are partially covered in large bone plates (AC +2, SH +2). [demonic ancestry]
   154 | D:1      | Reached XP level 2. HP: 20/22 MP: 2/2
   727 | D:2      | Gained mutation: You are slightly more attuned to the shadows. [demonic ancestry]
   727 | D:2      | Reached XP level 3. HP: 24/27 MP: 3/3
   839 | D:2      | Found a deep blue altar of Sif Muna.
   908 | D:2      | Reached skill level 4 in Axes
  1230 | D:2      | Found a sacrificial altar of Ru.
  1398 | D:2      | Reached XP level 4. HP: 29/33 MP: 4/4
  1919 | D:3      | Reached skill level 5 in Axes
  2300 | D:3      | Reached XP level 5. HP: 34/38 MP: 5/5
  2945 | D:4      | Found a glowing golden altar of the Shining One.
  3022 | D:4      | Noticed a phantom
  3099 | D:4      | Killed a phantom
  3099 | D:4      | Reached skill level 6 in Axes
  3099 | D:4      | Gained mutation: You sometimes gain a little power by taking damage. [demonic ancestry]
  3099 | D:4      | Reached XP level 6. HP: 33/44 MP: 6/6
  3458 | D:4      | Found a shadowy altar of Dithmenos.
  3485 | D:4      | Found a staircase to the Ecumenical Temple.
  3498 | Temple   | Entered the Ecumenical Temple
  3983 | D:5      | Entered Level 5 of the Dungeon
  4022 | D:4      | Reached skill level 7 in Axes
  4022 | D:4      | Reached XP level 7. HP: 34/50 MP: 7/7
  4290 | D:5      | Reached skill level 8 in Axes
  4910 | D:5      | Reached skill level 9 in Axes
  4910 | D:5      | Gained mutation: You are significantly more attuned to the shadows. [demonic ancestry]
  4910 | D:5      | Reached XP level 8. HP: 38/56 MP: 8/8
  5628 | D:6      | Found an opulent altar of Gozag.
  5638 | D:6      | Found Fuetwuts's Magic Scroll Boutique.
  5835 | D:6      | Reached skill level 10 in Axes
  5841 | D:6      | Found Ehovugil's Gadget Shoppe.
  6044 | D:6      | Found Taotrao's Magic Scroll Emporium.
  6285 | D:6      | Reached skill level 11 in Axes
  6459 | D:5      | Gained mutation: You have a pair of small antennae on your head. [demonic ancestry]
  6459 | D:5      | Reached XP level 9. HP: 40/61 MP: 9/9
  6460 | D:5      | Quit the game

Action                   |  1- 3 |  4- 6 |  7- 9 || total
-------------------------+-------+-------+-------++-------
Melee: War axe           |   113 |   222 |   267 ||   602
  Use: Scroll            |       |       |    16 ||    16
       Potion            |       |       |     1 ||     1
 Stab: Sleeping          |     3 |     4 |       ||     7
       Distracted        |       |     1 |       ||     1
  Eat: Chunk             |     2 |     8 |     9 ||    19
